[ PARTIDA AOE2 · #480453598 ]
UnrankedMongoles vs Britons
[ ANÁLISIS DE REPETICIÓN · EXTRAÍDO DE LA PARTIDA GRABADA ]
Feudal
12:49
Castillos
17:38
Imperial
30:43
| APM promedio | 23.0 |
| APM pico | 75 |
| eAPM promedio | 12.7 |
| Aldeanos / militares | 132 / 186 |
Foco
⚔️ 18.6% · 🌾 81.4%
Mangonel ×183 · Trade Cart ×55 · Trebuchet (Packed) ×3
Feudal
12:49
Castillos
16:46
Imperial
31:29
| APM promedio | 31.2 |
| APM pico | 67 |
| eAPM promedio | 20.8 |
| Aldeanos / militares | 114 / 209 |
Foco
⚔️ 38.0% · 🌾 62.0%
Knight ×89 · War Elephant ×80 · Scout Cavalry ×40 · Trade Cart ×26
Feudal
12:10
Castillos
26:45
Imperial
43:16
| APM promedio | 11.6 |
| APM pico | 27 |
| eAPM promedio | 8.1 |
| Aldeanos / militares | 71 / 124 |
Foco
⚔️ 41.8% · 🌾 58.2%
Skirmisher ×54 · Longbowman ×40 · Spearman ×20 · Trebuchet (Packed) ×10
Feudal
13:44
Castillos
23:00
Imperial
37:36
| APM promedio | 34.9 |
| APM pico | 86 |
| eAPM promedio | 19.6 |
| Aldeanos / militares | 114 / 151 |
Foco
⚔️ 35.0% · 🌾 65.0%
Spearman ×134 · Trade Cart ×15 · Bombard Cannon ×13 · Monk ×2 · Militia ×2
Feudal
9:56
Castillos
14:36
Imperial
30:25
| APM promedio | 54.3 |
| APM pico | 93 |
| eAPM promedio | 31.6 |
| Aldeanos / militares | 214 / 350 |
Foco
⚔️ 24.5% · 🌾 75.5%
Battle Elephant ×158 · Scout Cavalry ×122 · Trade Cart ×80 · Ballista Elephant ×70
Feudal
12:50
Castillos
21:22
Imperial
33:43
| APM promedio | 31.6 |
| APM pico | 69 |
| eAPM promedio | 17.5 |
| Aldeanos / militares | 209 / 209 |
Foco
⚔️ 21.5% · 🌾 78.5%
Genoese Crossbowman ×135 · Bombard Cannon ×73 · Trade Cart ×11 · Battering Ram ×1
Feudal
—
Castillos
—
Imperial
—
| APM promedio | 15.9 |
| APM pico | 48 |
| eAPM promedio | 10.9 |
| Aldeanos / militares | 122 / 254 |
Foco
⚔️ 25.1% · 🌾 74.9%
Knight ×179 · Scout Cavalry ×66 · Trade Cart ×35 · Trebuchet (Packed) ×6 · Missionary ×3
Feudal
11:34
Castillos
18:24
Imperial
35:17
| APM promedio | 19.5 |
| APM pico | 36 |
| eAPM promedio | 12.3 |
| Aldeanos / militares | 131 / 144 |
Foco
⚔️ 35.5% · 🌾 64.5%
Mangudai ×93 · Mangonel ×51 · Trade Cart ×15
Mapa de la partida
Recursos iniciales + cada clic de construcción. Líneas = muros · curvas = relieve. ◆ oro · ⬟ piedra · ● bayas · ✦ reliquia · ◌ hueco del cierre
Tu base· ✓ Cerrada en 17:38 · 0t muro · sin puerta
Base de Elbaron· ✓ Cerrada en 16:46 · 0t muro · sin puerta
Base de Rinno· ✓ Cerrada en 26:45 · 27t muro · 2 puerta(s)
Base de Sägewerk· ✓ Cerrada en 23:00 · 40t muro · 2 puerta(s)
Base de Gashara· ✓ Cerrada en 14:36 · 0t muro · frágil
Base de Lesa· ✓ Cerrada en 21:22 · 0t muro · sin puerta
Base de jjbirdy123· ✓ Cerrada en 19:33 · 61t muro · sin puerta
Base de ddubb69· ✓ Cerrada en 18:24 · 0t muro · sin puerta
Terreno inicial suavizado · ◌ = hueco del cierre detectado · pasá el cursor para detalles
Inputs por minuto
— Eskiçeri - - Elbaron
Build order — Eskiçeri
Primeras 150 de 289 acciones detectadas
| 0:02 | Crear | Villager (Male) |
| 0:02 | Crear | Villager (Male) |
| 0:02 | Crear | Villager (Male) |
| 0:02 | Crear | Villager (Male) |
| 0:05 | Construir | House |
| 0:07 | Construir | House |
| 1:35 | Crear | Villager (Male) |
| 2:15 | Crear | Villager (Male) |
| 2:28 | Crear | Villager (Male) |
| 3:07 | Crear | Villager (Male) |
| 3:07 | Crear | Villager (Male) |
| 3:07 | Crear | Villager (Male) |
| 3:39 | Construir | House |
| 3:45 | Crear | Villager (Male) |
| 3:45 | Crear | Villager (Male) |
| 4:32 | Crear | Villager (Male) |
| 4:32 | Crear | Villager (Male) |
| 5:06 | Construir | House |
| 5:08 | Construir | House |
| 5:13 | Crear | Villager (Male) |
| 5:13 | Crear | Villager (Male) |
| 5:39 | Construir | Lumber Camp |
| 5:44 | Crear | Villager (Male) |
| 5:45 | Crear | Villager (Male) |
| 5:51 | Construir | Mill |
| 6:21 | Crear | Villager (Male) |
| 6:21 | Crear | Villager (Male) |
| 7:00 | Construir | House |
| 7:40 | Construir | House |
| 7:44 | Crear | Villager (Male) |
| 8:03 | Crear | Villager (Male) |
| 8:24 | Crear | Villager (Male) |
| 8:24 | Crear | Villager (Male) |
| 8:24 | Crear | Villager (Male) |
| 8:24 | Crear | Villager (Male) |
| 8:36 | Construir | House |
| 8:39 | Construir | House |
| 8:59 | Construir | Mill |
| 9:45 | Construir | Farm |
| 9:45 | Construir | Farm |
| 9:45 | Construir | Farm |
| 9:46 | Construir | Farm |
| 9:46 | Construir | Farm |
| 9:48 | Construir | Farm |
| 10:04 | Construir | House |
| 10:39 | Investigar | Feudal Age |
| 11:11 | Construir | House |
| 11:36 | Construir | Mining Camp |
| 12:22 | Crear | Villager (Male) |
| 12:22 | Crear | Villager (Male) |
| 12:23 | Crear | Villager (Male) |
| 12:38 | Construir | House |
| 12:49 | Edad | Edad Feudal |
| 13:29 | Construir | House |
| 13:45 | Construir | Blacksmith |
| 13:58 | Construir | Market |
| 14:18 | Crear | Villager (Male) |
| 14:19 | Crear | Villager (Male) |
| 14:32 | Construir | House |
| 14:57 | Investigar | Castle Age |
| 15:56 | Construir | House |
| 16:03 | Crear | Villager (Male) |
| 16:04 | Crear | Villager (Male) |
| 16:04 | Crear | Villager (Male) |
| 16:12 | Construir | House |
| 16:58 | Construir | House |
| 17:00 | Construir | House |
| 17:05 | Construir | House |
| 17:07 | Construir | House |
| 17:23 | Investigar | Double-Bit Axe |
| 17:26 | Investigar | Horse Collar |
| 17:32 | Construir | Farm |
| 17:32 | Construir | Farm |
| 17:38 | Edad | Edad de los Castillos |
| 17:39 | Crear | Villager (Male) |
| 17:43 | Construir | Town Center |
| 17:54 | Construir | Town Center |
| 18:02 | Investigar | Heavy Plow |
| 18:04 | Investigar | Bow Saw |
| 18:15 | Crear | Villager (Male) |
| 18:26 | Construir | House |
| 18:44 | Crear | Villager (Male) |
| 18:55 | Construir | Farm |
| 18:55 | Construir | Farm |
| 18:55 | Construir | Farm |
| 18:56 | Construir | Farm |
| 18:56 | Construir | Farm |
| 19:05 | Construir | House |
| 19:09 | Crear | Villager (Male) |
| 19:09 | Crear | Villager (Male) |
| 19:19 | Construir | Farm |
| 19:27 | Crear | Villager (Male) |
| 19:27 | Crear | Villager (Male) |
| 19:27 | Crear | Villager (Male) |
| 19:33 | Crear | Villager (Male) ×3 |
| 19:39 | Construir | Farm |
| 19:41 | Construir | Farm |
| 19:48 | Construir | Farm |
| 20:06 | Crear | Villager (Male) ×2 |
| 20:09 | Construir | Farm |
| 20:15 | Construir | Farm |
| 20:21 | Crear | Villager (Male) |
| 20:36 | Crear | Villager (Male) |
| 20:52 | Construir | Farm |
| 20:53 | Construir | Farm |
| 20:53 | Construir | Farm |
| 20:53 | Construir | Farm |
| 20:58 | Crear | Villager (Male) |
| 21:16 | Crear | Villager (Male) ×3 |
| 21:29 | Construir | Farm |
| 21:29 | Construir | Farm |
| 21:29 | Construir | Farm |
| 21:30 | Construir | Farm |
| 21:30 | Construir | Farm |
| 21:30 | Construir | Farm |
| 21:30 | Construir | Farm |
| 21:31 | Construir | Farm |
| 21:35 | Crear | Villager (Male) ×2 |
| 21:48 | Crear | Villager (Male) |
| 22:04 | Crear | Villager (Male) |
| 22:18 | Crear | Villager (Male) ×2 |
| 22:18 | Crear | Villager (Male) ×2 |
| 22:23 | Construir | Farm |
| 22:27 | Construir | Farm |
| 22:30 | Construir | Farm |
| 22:43 | Construir | Farm |
| 22:46 | Crear | Villager (Male) ×4 |
| 22:53 | Construir | Farm |
| 22:57 | Construir | Farm |
| 22:59 | Construir | Farm |
| 23:03 | Construir | Farm |
| 23:06 | Crear | Villager (Male) ×3 |
| 23:12 | Construir | Farm |
| 23:15 | Crear | Trade Cart |
| 23:15 | Crear | Trade Cart |
| 23:29 | Construir | House |
| 23:30 | Construir | House |
| 23:33 | Construir | House |
| 23:34 | Construir | House |
| 23:36 | Construir | House |
| 23:44 | Investigar | Wheelbarrow |
| 23:44 | Crear | Villager (Male) ×4 |
| 23:58 | Crear | Trade Cart |
| 24:05 | Crear | Villager (Male) ×3 |
| 24:17 | Crear | Villager (Male) ×3 |
| 24:24 | Crear | Trade Cart |
| 24:37 | Crear | Villager (Male) ×4 |
| 24:43 | Construir | Farm |
| 24:50 | Construir | Farm |
| 24:54 | Construir | Farm |
Build order — Elbaron
Primeras 150 de 543 acciones detectadas
| 0:19 | Construir | House |
| 0:22 | Construir | House |
| 0:23 | Crear | Villager (Male) |
| 0:23 | Crear | Villager (Male) |
| 0:24 | Crear | Villager (Male) |
| 0:24 | Crear | Villager (Male) |
| 0:24 | Crear | Villager (Male) |
| 1:57 | Crear | Villager (Male) |
| 2:09 | Construir | Lumber Camp |
| 2:21 | Crear | Villager (Male) |
| 2:32 | Construir | House |
| 2:33 | Construir | House |
| 2:37 | Crear | Villager (Male) |
| 3:07 | Crear | Villager (Male) |
| 3:37 | Crear | Villager (Male) |
| 4:12 | Crear | Villager (Male) |
| 4:13 | Crear | Villager (Male) |
| 5:03 | Crear | Villager (Male) |
| 5:03 | Crear | Villager (Male) |
| 5:51 | Crear | Villager (Male) |
| 5:51 | Crear | Villager (Male) |
| 6:18 | Construir | Mill |
| 6:24 | Crear | Villager (Male) |
| 6:24 | Crear | Villager (Male) |
| 6:24 | Crear | Villager (Male) |
| 6:59 | Crear | Villager (Male) |
| 7:00 | Crear | Villager (Male) |
| 7:09 | Crear | Villager (Male) |
| 7:24 | Construir | House |
| 7:26 | Construir | House |
| 7:56 | Crear | Villager (Male) |
| 7:56 | Crear | Villager (Male) |
| 8:32 | Construir | Farm |
| 8:48 | Crear | Villager (Male) |
| 8:49 | Crear | Villager (Male) |
| 8:55 | Construir | Farm |
| 9:30 | Crear | Villager (Male) |
| 9:46 | Construir | Mining Camp |
| 10:45 | Investigar | Feudal Age |
| 10:48 | Construir | Farm |
| 10:51 | Construir | Farm |
| 11:05 | Crear | Villager (Male) |
| 11:05 | Crear | Villager (Male) |
| 11:06 | Investigar | Loom |
| 12:10 | Crear | Villager (Male) |
| 12:49 | Edad | Edad Feudal |
| 13:00 | Construir | Market |
| 13:05 | Construir | Blacksmith |
| 13:11 | Construir | Farm |
| 13:18 | Construir | Farm |
| 13:57 | Construir | Mining Camp |
| 14:00 | Investigar | Castle Age |
| 14:22 | Construir | House |
| 14:24 | Construir | House |
| 14:31 | Crear | Villager (Male) |
| 14:31 | Crear | Villager (Male) |
| 14:33 | Investigar | Double-Bit Axe |
| 14:36 | Investigar | Horse Collar |
| 14:41 | Construir | Farm |
| 15:46 | Construir | Farm |
| 16:03 | Construir | House |
| 16:05 | Construir | House |
| 16:05 | Construir | House |
| 16:06 | Construir | House |
| 16:20 | Construir | Lumber Camp |
| 16:46 | Edad | Edad de los Castillos |
| 16:50 | Construir | Town Center |
| 17:00 | Construir | Town Center |
| 17:13 | Construir | Town Center |
| 17:39 | Construir | Town Center |
| 17:56 | Construir | House |
| 18:01 | Crear | Villager (Male) |
| 18:01 | Crear | Villager (Male) |
| 18:02 | Crear | Villager (Male) |
| 18:03 | Crear | Villager (Male) |
| 18:04 | Crear | Villager (Male) |
| 18:04 | Crear | Villager (Male) |
| 18:19 | Construir | House |
| 18:20 | Construir | House |
| 18:46 | Construir | Farm |
| 18:52 | Investigar | Heavy Plow |
| 18:54 | Crear | Villager (Male) |
| 18:54 | Crear | Villager (Male) |
| 18:55 | Crear | Villager (Male) |
| 19:09 | Construir | House |
| 19:17 | Crear | Villager (Male) |
| 19:17 | Crear | Villager (Male) |
| 19:18 | Crear | Villager (Male) |
| 19:18 | Crear | Villager (Male) |
| 19:21 | Construir | Farm |
| 19:25 | Crear | Villager (Male) |
| 19:26 | Crear | Villager (Male) |
| 19:26 | Crear | Villager (Male) |
| 19:43 | Construir | Farm |
| 19:44 | Crear | Villager (Male) |
| 19:45 | Crear | Villager (Male) |
| 19:51 | Construir | Mining Camp |
| 19:55 | Crear | Villager (Male) |
| 19:56 | Crear | Villager (Male) |
| 19:56 | Crear | Villager (Male) |
| 20:01 | Construir | Farm |
| 20:04 | Construir | Farm |
| 20:07 | Construir | Farm |
| 20:12 | Construir | Farm |
| 20:16 | Construir | Farm |
| 20:19 | Construir | House |
| 20:21 | Construir | House |
| 20:22 | Construir | House |
| 20:26 | Construir | Farm |
| 20:27 | Crear | Villager (Male) |
| 20:28 | Crear | Villager (Male) |
| 20:28 | Crear | Villager (Male) |
| 20:28 | Crear | Villager (Male) |
| 20:33 | Construir | Farm |
| 20:36 | Construir | Farm |
| 20:39 | Construir | Farm |
| 20:47 | Construir | Farm |
| 20:48 | Crear | Villager (Male) |
| 20:48 | Crear | Villager (Male) |
| 20:49 | Crear | Villager (Male) |
| 21:04 | Construir | Farm |
| 21:05 | Crear | Villager (Male) |
| 21:11 | Construir | Farm |
| 21:15 | Construir | Farm |
| 21:22 | Crear | Villager (Male) |
| 21:23 | Crear | Villager (Male) |
| 21:29 | Crear | Villager (Male) |
| 21:32 | Crear | Villager (Male) |
| 21:37 | Construir | Farm |
| 21:37 | Crear | Villager (Male) |
| 21:44 | Construir | Farm |
| 21:51 | Construir | House |
| 21:57 | Construir | House |
| 22:00 | Construir | Farm |
| 22:01 | Crear | Villager (Male) |
| 22:11 | Construir | Farm |
| 22:20 | Construir | Mill |
| 22:25 | Crear | Villager (Male) |
| 22:26 | Crear | Villager (Male) |
| 22:26 | Crear | Villager (Male) |
| 22:26 | Crear | Villager (Male) |
| 22:27 | Crear | Villager (Male) |
| 22:38 | Construir | Farm |
| 22:39 | Crear | Villager (Male) |
| 22:40 | Crear | Villager (Male) |
| 22:40 | Crear | Villager (Male) |
| 22:51 | Construir | House |
| 22:54 | Crear | Villager (Male) |
| 23:02 | Construir | Farm |
| 23:04 | Construir | Farm |
Build order — Rinno
Primeras 150 de 294 acciones detectadas
| 0:31 | Construir | House |
| 0:38 | Construir | House |
| 0:40 | Construir | House |
| 0:57 | Crear | Villager (Male) |
| 0:58 | Crear | Villager (Male) |
| 0:58 | Crear | Villager (Male) |
| 0:58 | Crear | Villager (Male) |
| 2:16 | Crear | Villager (Male) |
| 3:11 | Construir | Lumber Camp |
| 3:18 | Crear | Villager (Male) |
| 3:18 | Crear | Villager (Male) |
| 4:58 | Crear | Villager (Male) |
| 4:58 | Crear | Villager (Male) |
| 4:58 | Crear | Villager (Male) |
| 4:59 | Crear | Villager (Male) |
| 4:59 | Crear | Villager (Male) |
| 5:53 | Construir | Mill |
| 6:18 | Crear | Villager (Male) |
| 6:19 | Crear | Villager (Male) |
| 7:26 | Crear | Villager (Male) |
| 8:16 | Construir | Farm |
| 8:26 | Crear | Villager (Male) |
| 9:35 | Investigar | Loom |
| 9:41 | Investigar | Feudal Age |
| 10:42 | Crear | Villager (Male) |
| 10:42 | Crear | Villager (Male) |
| 10:42 | Crear | Villager (Male) |
| 10:43 | Crear | Villager (Male) |
| 11:23 | Crear | Villager (Male) |
| 11:23 | Crear | Villager (Male) |
| 12:10 | Edad | Edad Feudal |
| 12:35 | Crear | Villager (Male) |
| 12:47 | Construir | House |
| 12:50 | Construir | House |
| 12:54 | Construir | House |
| 13:13 | Construir | Mining Camp |
| 13:32 | Crear | Villager (Male) |
| 13:33 | Crear | Villager (Male) |
| 13:33 | Crear | Villager (Male) |
| 14:52 | Construir | Stone Wall |
| 15:04 | Crear | Villager (Male) |
| 15:30 | Construir | Blacksmith |
| 16:11 | Construir | Mining Camp |
| 16:53 | Construir | Market |
| 17:07 | Construir | Farm |
| 17:08 | Construir | Farm |
| 17:25 | Crear | Villager (Male) |
| 17:26 | Crear | Villager (Male) |
| 17:43 | Construir | Lumber Camp |
| 18:15 | Construir | Stone Wall |
| 18:40 | Construir | Gate |
| 18:56 | Investigar | Double-Bit Axe |
| 19:07 | Crear | Villager (Male) |
| 19:08 | Crear | Villager (Male) |
| 19:42 | Construir | Farm |
| 19:48 | Construir | Farm |
| 19:48 | Construir | Farm |
| 19:49 | Construir | Farm |
| 19:49 | Construir | Farm |
| 19:50 | Construir | Farm |
| 19:50 | Construir | Farm |
| 20:01 | Crear | Villager (Male) |
| 20:01 | Crear | Villager (Male) |
| 20:01 | Crear | Villager (Male) |
| 20:02 | Crear | Villager (Male) |
| 20:02 | Crear | Villager (Male) |
| 20:24 | Construir | House |
| 20:45 | Construir | House |
| 20:47 | Construir | House |
| 20:49 | Construir | House |
| 21:02 | Construir | Mining Camp |
| 21:17 | Crear | Villager (Male) |
| 21:17 | Crear | Villager (Male) |
| 21:33 | Construir | Gate |
| 22:20 | Construir | Farm |
| 22:21 | Construir | Farm |
| 22:21 | Construir | Farm |
| 22:22 | Construir | Farm |
| 22:22 | Construir | Farm |
| 22:23 | Construir | Farm |
| 22:23 | Construir | Farm |
| 23:48 | Investigar | Gold Mining |
| 23:49 | Investigar | Stone Mining |
| 24:01 | Investigar | Horse Collar |
| 24:05 | Investigar | Castle Age |
| 24:26 | Crear | Villager (Male) |
| 24:35 | Investigar | Fletching |
| 25:53 | Crear | Villager (Male) |
| 25:54 | Crear | Villager (Male) |
| 25:54 | Crear | Villager (Male) |
| 25:54 | Crear | Villager (Male) |
| 25:55 | Crear | Villager (Male) |
| 25:55 | Crear | Villager (Male) |
| 25:55 | Crear | Villager (Male) |
| 26:33 | Investigar | Wheelbarrow |
| 26:40 | Crear | Villager (Male) |
| 26:41 | Crear | Villager (Male) |
| 26:42 | Crear | Villager (Male) |
| 26:42 | Crear | Villager (Male) |
| 26:42 | Crear | Villager (Male) |
| 26:43 | Crear | Villager (Male) |
| 26:43 | Crear | Villager (Male) |
| 26:44 | Crear | Villager (Male) |
| 26:44 | Crear | Villager (Male) |
| 26:45 | Edad | Edad de los Castillos |
| 28:17 | Construir | Castle |
| 28:58 | Crear | Villager (Male) |
| 28:58 | Crear | Villager (Male) |
| 28:59 | Crear | Villager (Male) |
| 29:11 | Investigar | Bow Saw |
| 29:16 | Investigar | Heavy Plow |
| 29:23 | Investigar | Gold Shaft Mining |
| 30:01 | Crear | Villager (Male) |
| 30:20 | Construir | Mining Camp |
| 30:36 | Construir | Barracks |
| 30:44 | Investigar | Yeomen |
| 31:39 | Crear | Villager (Male) |
| 31:39 | Crear | Villager (Male) |
| 32:14 | Construir | Town Center |
| 32:53 | Construir | Archery Range |
| 33:05 | Construir | Archery Range |
| 33:29 | Crear | Longbowman |
| 33:29 | Crear | Longbowman |
| 33:30 | Crear | Longbowman |
| 33:30 | Crear | Longbowman |
| 33:31 | Crear | Longbowman |
| 33:59 | Construir | Farm |
| 34:08 | Crear | Villager (Male) |
| 34:08 | Crear | Villager (Male) |
| 34:08 | Crear | Villager (Male) |
| 34:09 | Crear | Villager (Male) |
| 34:32 | Construir | Farm |
| 35:03 | Construir | University |
| 35:40 | Investigar | Elite Skirmisher (upgrade) |
| 35:42 | Crear | Skirmisher |
| 35:42 | Crear | Skirmisher |
| 35:42 | Crear | Skirmisher |
| 35:43 | Crear | Skirmisher |
| 36:45 | Crear | Villager (Male) |
| 36:45 | Crear | Villager (Male) |
| 36:45 | Crear | Villager (Male) |
| 36:46 | Crear | Villager (Male) |
| 36:46 | Crear | Villager (Male) |
| 36:47 | Crear | Villager (Male) |
| 37:33 | Construir | Lumber Camp |
| 37:54 | Investigar | Ballistics |
| 38:01 | Investigar | Bodkin Arrow |
| 38:45 | Construir | House |
| 38:46 | Construir | House |
| 38:48 | Construir | House |
Build order — Sägewerk
Primeras 150 de 425 acciones detectadas
| 0:02 | Crear | Villager (Male) |
| 0:03 | Investigar | Loom |
| 0:03 | Crear | Villager (Male) |
| 0:03 | Crear | Villager (Male) |
| 0:04 | Crear | Villager (Male) |
| 0:13 | Construir | House |
| 0:15 | Construir | House |
| 2:05 | Crear | Villager (Male) |
| 2:18 | Construir | Lumber Camp |
| 2:23 | Crear | Villager (Male) |
| 2:45 | Crear | Villager (Male) |
| 3:30 | Crear | Villager (Male) |
| 3:30 | Crear | Villager (Male) |
| 4:02 | Crear | Villager (Male) |
| 5:00 | Construir | House |
| 5:07 | Construir | Mill |
| 5:10 | Crear | Villager (Male) |
| 5:10 | Crear | Villager (Male) |
| 5:17 | Construir | House |
| 6:00 | Construir | House |
| 6:04 | Construir | House |
| 6:14 | Crear | Villager (Male) |
| 6:15 | Crear | Villager (Male) |
| 6:53 | Construir | Palisade Wall |
| 6:57 | Construir | Palisade Wall |
| 7:10 | Crear | Villager (Male) |
| 7:10 | Crear | Villager (Male) |
| 7:38 | Crear | Villager (Male) |
| 7:39 | Crear | Villager (Male) |
| 8:01 | Construir | Palisade Gate |
| 8:17 | Construir | Palisade Wall |
| 8:28 | Crear | Villager (Male) |
| 8:31 | Crear | Villager (Male) |
| 8:49 | Construir | Palisade Wall |
| 8:59 | Construir | Mining Camp |
| 9:07 | Crear | Villager (Male) |
| 10:28 | Crear | Villager (Male) |
| 11:34 | Investigar | Feudal Age |
| 11:55 | Crear | Villager (Male) |
| 11:55 | Crear | Villager (Male) |
| 12:09 | Construir | Barracks |
| 13:18 | Construir | Mining Camp |
| 13:22 | Crear | Villager (Male) |
| 13:44 | Edad | Edad Feudal |
| 13:47 | Crear | Spearman |
| 13:47 | Crear | Spearman |
| 14:14 | Construir | Stone Wall |
| 14:27 | Construir | Stone Wall |
| 14:49 | Construir | Stone Wall |
| 15:16 | Investigar | Wheelbarrow |
| 15:16 | Crear | Villager (Male) |
| 15:19 | Investigar | Double-Bit Axe |
| 15:54 | Construir | Market |
| 16:02 | Investigar | Horse Collar |
| 16:28 | Construir | Stone Wall |
| 16:43 | Construir | Gate |
| 16:48 | Construir | Stone Wall |
| 16:54 | Crear | Villager (Male) |
| 17:01 | Construir | Farm |
| 17:16 | Construir | Farm |
| 17:20 | Crear | Villager (Male) |
| 17:34 | Construir | Blacksmith |
| 17:35 | Construir | House |
| 17:36 | Construir | House |
| 17:44 | Construir | House |
| 17:52 | Crear | Trade Cart |
| 17:53 | Crear | Trade Cart |
| 17:53 | Crear | Trade Cart |
| 17:59 | Construir | Farm |
| 18:00 | Construir | Farm |
| 18:01 | Crear | Villager (Male) |
| 18:02 | Crear | Villager (Male) |
| 18:50 | Construir | Mining Camp |
| 18:52 | Crear | Villager (Male) |
| 19:09 | Crear | Villager (Male) |
| 19:49 | Crear | Villager (Male) |
| 20:10 | Construir | House |
| 20:12 | Construir | House |
| 20:13 | Construir | House |
| 20:20 | Investigar | Castle Age |
| 20:36 | Construir | Farm |
| 20:38 | Construir | Farm |
| 20:39 | Construir | Farm |
| 20:40 | Construir | Farm |
| 20:42 | Construir | Farm |
| 20:44 | Construir | Farm |
| 20:56 | Investigar | Arson |
| 21:44 | Crear | Villager (Male) |
| 21:45 | Crear | Villager (Male) |
| 23:00 | Edad | Edad de los Castillos |
| 23:14 | Construir | Town Center |
| 23:39 | Construir | Mining Camp |
| 23:44 | Crear | Villager (Male) |
| 23:53 | Construir | Town Center |
| 23:58 | Crear | Villager (Male) |
| 24:33 | Crear | Villager (Male) |
| 25:16 | Crear | Villager (Male) |
| 25:16 | Crear | Villager (Male) |
| 25:16 | Crear | Villager (Male) |
| 25:24 | Crear | Villager (Male) |
| 25:24 | Crear | Villager (Male) |
| 25:29 | Crear | Villager (Male) |
| 25:29 | Crear | Villager (Male) |
| 25:49 | Construir | Town Center |
| 25:55 | Crear | Villager (Male) |
| 25:59 | Construir | Farm |
| 26:03 | Crear | Villager (Male) |
| 26:04 | Crear | Villager (Male) |
| 26:10 | Crear | Trade Cart |
| 26:10 | Crear | Trade Cart |
| 26:24 | Construir | Farm |
| 26:25 | Crear | Villager (Male) |
| 26:28 | Crear | Villager (Male) |
| 26:28 | Crear | Villager (Male) |
| 26:32 | Crear | Villager (Male) |
| 26:32 | Crear | Villager (Male) |
| 27:03 | Crear | Villager (Male) |
| 27:03 | Crear | Villager (Male) |
| 27:07 | Crear | Villager (Male) |
| 27:07 | Crear | Villager (Male) |
| 27:11 | Construir | Farm |
| 27:12 | Construir | Farm |
| 27:33 | Crear | Villager (Male) |
| 27:33 | Crear | Villager (Male) |
| 27:47 | Construir | Farm |
| 27:48 | Crear | Villager (Male) |
| 27:56 | Crear | Villager (Male) |
| 27:56 | Crear | Villager (Male) |
| 28:00 | Construir | Farm |
| 28:02 | Construir | Farm |
| 28:03 | Crear | Villager (Male) |
| 28:03 | Crear | Villager (Male) |
| 28:11 | Construir | Farm |
| 28:15 | Crear | Villager (Male) |
| 28:39 | Construir | Farm |
| 28:40 | Crear | Villager (Male) |
| 28:40 | Crear | Villager (Male) |
| 28:48 | Crear | Villager (Male) |
| 28:48 | Crear | Villager (Male) |
| 28:59 | Construir | Farm |
| 29:01 | Crear | Villager (Male) |
| 29:15 | Construir | Farm |
| 29:17 | Crear | Villager (Male) |
| 29:17 | Crear | Villager (Male) |
| 29:20 | Crear | Villager (Male) |
| 29:32 | Construir | Siege Workshop |
| 29:49 | Construir | Monastery |
| 29:52 | Crear | Villager (Male) |
| 29:53 | Crear | Villager (Male) |
| 29:55 | Crear | Villager (Male) |
Build order — Gashara
Primeras 150 de 544 acciones detectadas
| 0:00 | Crear | Villager (Male) |
| 0:01 | Crear | Villager (Male) ×3 |
| 0:01 | Crear | Villager (Male) ×3 |
| 0:02 | Construir | House |
| 0:03 | Construir | House |
| 1:25 | Crear | Villager (Male) |
| 1:45 | Construir | Lumber Camp |
| 2:06 | Crear | Villager (Male) |
| 2:06 | Crear | Villager (Male) |
| 2:18 | Crear | Villager (Male) |
| 2:18 | Crear | Villager (Male) |
| 2:55 | Crear | Villager (Male) |
| 2:55 | Crear | Villager (Male) |
| 3:11 | Crear | Villager (Male) |
| 3:11 | Crear | Villager (Male) |
| 3:26 | Construir | House |
| 3:53 | Crear | Villager (Male) |
| 3:53 | Crear | Villager (Male) |
| 3:53 | Crear | Villager (Male) |
| 4:50 | Crear | Villager (Male) |
| 4:50 | Crear | Villager (Male) |
| 5:15 | Crear | Villager (Male) |
| 5:15 | Crear | Villager (Male) |
| 5:27 | Crear | Villager (Male) |
| 5:27 | Crear | Villager (Male) |
| 5:27 | Crear | Villager (Male) |
| 5:28 | Crear | Villager (Male) |
| 5:43 | Crear | Villager (Male) |
| 5:43 | Crear | Villager (Male) |
| 5:59 | Crear | Villager (Male) |
| 5:59 | Crear | Villager (Male) |
| 6:20 | Construir | House |
| 6:52 | Crear | Villager (Male) |
| 7:07 | Construir | House |
| 7:22 | Crear | Villager (Male) |
| 7:46 | Investigar | Feudal Age |
| 7:46 | Investigar | Feudal Age |
| 7:59 | Construir | Mining Camp |
| 8:03 | Construir | Mining Camp |
| 9:56 | Edad | Edad Feudal |
| 10:04 | Crear | Villager (Male) |
| 10:11 | Investigar | Loom |
| 11:07 | Crear | Villager (Male) |
| 11:26 | Investigar | Town Watch |
| 11:56 | Investigar | Castle Age |
| 11:56 | Investigar | Castle Age |
| 12:01 | Construir | Farm |
| 12:01 | Construir | Farm |
| 12:02 | Construir | Farm |
| 12:02 | Construir | Farm |
| 12:02 | Construir | Farm |
| 12:02 | Construir | Farm |
| 12:03 | Construir | Farm |
| 12:04 | Construir | Farm |
| 12:04 | Construir | Farm |
| 12:28 | Construir | Farm |
| 12:59 | Construir | Farm |
| 13:12 | Investigar | Double-Bit Axe |
| 13:34 | Construir | Mill |
| 14:25 | Crear | Villager (Male) |
| 14:36 | Edad | Edad de los Castillos |
| 14:37 | Construir | Town Center |
| 14:40 | Crear | Villager (Male) |
| 14:44 | Construir | Town Center |
| 14:46 | Crear | Villager (Male) |
| 15:03 | Investigar | Horse Collar |
| 15:03 | Investigar | Horse Collar |
| 15:20 | Crear | Villager (Male) ×5 |
| 15:57 | Crear | Villager (Male) ×2 |
| 16:12 | Crear | Villager (Male) ×3 |
| 16:12 | Crear | Villager (Male) ×3 |
| 16:18 | Crear | Villager (Male) |
| 16:18 | Crear | Villager (Male) |
| 16:33 | Crear | Villager (Male) |
| 16:33 | Crear | Villager (Male) |
| 16:44 | Construir | Market |
| 16:47 | Crear | Villager (Male) |
| 16:47 | Crear | Villager (Male) |
| 16:55 | Construir | Farm |
| 16:55 | Construir | Farm |
| 16:55 | Construir | Farm |
| 16:56 | Construir | Farm |
| 16:56 | Construir | Farm |
| 16:56 | Construir | Farm |
| 17:04 | Crear | Villager (Male) |
| 17:04 | Crear | Villager (Male) |
| 17:06 | Construir | Farm |
| 17:06 | Construir | Farm |
| 17:07 | Construir | Farm |
| 17:18 | Construir | Farm |
| 17:20 | Crear | Villager (Male) |
| 17:20 | Crear | Villager (Male) |
| 17:31 | Construir | House |
| 17:32 | Construir | House |
| 17:33 | Crear | Villager (Male) |
| 17:40 | Construir | Farm |
| 17:40 | Construir | Farm |
| 17:41 | Construir | Farm |
| 17:41 | Crear | Villager (Male) |
| 17:42 | Crear | Villager (Male) |
| 17:51 | Crear | Villager (Male) |
| 17:59 | Construir | House |
| 18:00 | Construir | House |
| 18:05 | Construir | Farm |
| 18:05 | Construir | Farm |
| 18:05 | Construir | Farm |
| 18:06 | Construir | Farm |
| 18:06 | Construir | Farm |
| 18:09 | Crear | Villager (Male) ×3 |
| 18:10 | Crear | Villager (Male) ×3 |
| 18:10 | Crear | Villager (Male) |
| 18:13 | Construir | Farm |
| 18:19 | Construir | House |
| 18:20 | Construir | House |
| 18:21 | Crear | Villager (Male) |
| 18:21 | Crear | Villager (Male) |
| 18:41 | Crear | Villager (Male) ×2 |
| 18:42 | Crear | Villager (Male) ×2 |
| 18:50 | Crear | Villager (Male) |
| 18:50 | Crear | Villager (Male) |
| 18:53 | Construir | Farm |
| 18:53 | Construir | Farm |
| 18:53 | Construir | Farm |
| 18:53 | Construir | Farm |
| 18:54 | Construir | Farm |
| 18:59 | Crear | Villager (Male) |
| 18:59 | Crear | Villager (Male) |
| 19:11 | Crear | Villager (Male) |
| 19:13 | Construir | Lumber Camp |
| 19:15 | Crear | Villager (Male) |
| 19:15 | Crear | Villager (Male) |
| 19:22 | Crear | Villager (Male) |
| 19:22 | Crear | Villager (Male) |
| 19:30 | Crear | Villager (Male) |
| 19:30 | Crear | Villager (Male) |
| 19:35 | Construir | House |
| 19:37 | Crear | Villager (Male) |
| 19:38 | Crear | Villager (Male) |
| 19:43 | Construir | House |
| 19:46 | Crear | Villager (Male) |
| 19:46 | Crear | Villager (Male) |
| 19:49 | Construir | Town Center |
| 19:53 | Crear | Villager (Male) |
| 19:53 | Crear | Villager (Male) |
| 20:00 | Construir | House |
| 20:01 | Crear | Villager (Male) |
| 20:01 | Crear | Villager (Male) |
| 20:09 | Crear | Villager (Male) |
| 20:09 | Crear | Villager (Male) |
| 20:13 | Crear | Villager (Male) |
Build order — Lesa
Primeras 150 de 423 acciones detectadas
| 0:02 | Construir | House |
| 0:04 | Construir | House |
| 0:05 | Crear | Villager (Male) ×4 |
| 0:05 | Crear | Villager (Male) ×4 |
| 1:35 | Crear | Villager (Male) |
| 1:35 | Crear | Villager (Male) |
| 2:27 | Crear | Villager (Male) |
| 2:27 | Crear | Villager (Male) |
| 3:33 | Crear | Villager (Male) |
| 3:33 | Crear | Villager (Male) |
| 3:53 | Crear | Villager (Male) |
| 3:54 | Crear | Villager (Male) |
| 4:10 | Construir | Lumber Camp |
| 5:20 | Crear | Villager (Male) |
| 5:20 | Crear | Villager (Male) |
| 7:27 | Crear | Villager (Male) ×5 |
| 7:27 | Crear | Villager (Male) ×5 |
| 7:35 | Construir | House |
| 7:47 | Construir | House |
| 7:51 | Construir | House |
| 8:04 | Investigar | Loom |
| 8:06 | Crear | Villager (Male) |
| 8:06 | Crear | Villager (Male) |
| 8:06 | Crear | Villager (Male) |
| 8:07 | Crear | Villager (Male) |
| 8:07 | Crear | Villager (Male) |
| 8:12 | Construir | House |
| 8:20 | Crear | Villager (Male) ×5 |
| 8:20 | Crear | Villager (Male) ×5 |
| 8:42 | Crear | Villager (Male) |
| 8:42 | Crear | Villager (Male) |
| 8:50 | Construir | House |
| 9:11 | Crear | Villager (Male) |
| 9:11 | Crear | Villager (Male) |
| 9:25 | Construir | Mill |
| 9:45 | Crear | Villager (Male) |
| 9:46 | Crear | Villager (Male) |
| 10:04 | Crear | Villager (Male) |
| 10:05 | Crear | Villager (Male) |
| 10:12 | Investigar | Feudal Age |
| 11:01 | Crear | Villager (Male) |
| 11:23 | Crear | Villager (Male) |
| 11:23 | Crear | Villager (Male) |
| 11:23 | Crear | Villager (Male) |
| 11:28 | Construir | Barracks |
| 12:50 | Edad | Edad Feudal |
| 13:07 | Crear | Villager (Male) |
| 13:09 | Construir | Farm |
| 13:10 | Construir | Farm |
| 13:10 | Construir | Farm |
| 13:12 | Crear | Villager (Male) |
| 13:12 | Crear | Villager (Male) |
| 13:13 | Crear | Villager (Male) |
| 13:41 | Crear | Villager (Male) |
| 13:41 | Crear | Villager (Male) |
| 13:44 | Investigar | Horse Collar |
| 13:45 | Investigar | Double-Bit Axe |
| 13:53 | Crear | Villager (Male) |
| 13:53 | Crear | Villager (Male) |
| 13:55 | Investigar | Wheelbarrow |
| 14:10 | Construir | Mining Camp |
| 14:57 | Construir | Blacksmith |
| 15:09 | Crear | Villager (Male) |
| 15:09 | Crear | Villager (Male) |
| 15:10 | Crear | Villager (Male) |
| 15:29 | Construir | Market |
| 15:45 | Construir | House |
| 16:07 | Crear | Villager (Male) |
| 16:07 | Crear | Villager (Male) |
| 16:16 | Construir | Lumber Camp |
| 17:28 | Investigar | Castle Age |
| 17:38 | Construir | Market |
| 17:44 | Construir | Farm |
| 18:00 | Construir | Farm |
| 18:00 | Construir | Farm |
| 18:00 | Construir | Farm |
| 18:01 | Construir | Farm |
| 18:01 | Construir | Farm |
| 18:01 | Construir | Farm |
| 18:01 | Construir | Farm |
| 18:02 | Construir | Farm |
| 18:02 | Construir | Farm |
| 18:02 | Construir | Farm |
| 18:08 | Crear | Villager (Male) ×5 |
| 18:42 | Construir | Farm |
| 18:42 | Construir | Farm |
| 18:43 | Construir | Farm |
| 18:43 | Construir | Farm |
| 18:43 | Construir | Farm |
| 18:43 | Construir | Farm |
| 18:45 | Crear | Villager (Male) |
| 18:45 | Crear | Villager (Male) |
| 19:16 | Crear | Trade Cart |
| 19:30 | Crear | Villager (Male) |
| 19:31 | Crear | Villager (Male) |
| 19:57 | Construir | Lumber Camp |
| 19:59 | Crear | Trade Cart |
| 20:47 | Investigar | Gold Mining |
| 21:22 | Edad | Edad de los Castillos |
| 21:30 | Construir | Town Center |
| 21:54 | Construir | Town Center |
| 22:46 | Construir | Town Center |
| 22:51 | Crear | Villager (Male) |
| 22:52 | Crear | Villager (Male) |
| 22:52 | Crear | Villager (Male) |
| 22:52 | Crear | Villager (Male) |
| 22:52 | Crear | Villager (Male) |
| 22:57 | Crear | Villager (Male) |
| 22:57 | Crear | Villager (Male) ×5 |
| 23:01 | Construir | House |
| 23:01 | Construir | House |
| 23:02 | Construir | House |
| 23:49 | Construir | Farm |
| 23:59 | Construir | Farm |
| 24:02 | Crear | Villager (Male) ×5 |
| 24:25 | Crear | Trade Cart |
| 24:25 | Crear | Trade Cart |
| 24:34 | Crear | Villager (Male) ×4 |
| 24:40 | Construir | Farm |
| 24:53 | Investigar | Bow Saw |
| 25:05 | Construir | Farm |
| 25:15 | Crear | Villager (Male) |
| 25:15 | Crear | Villager (Male) |
| 25:15 | Crear | Villager (Male) |
| 25:23 | Construir | Farm |
| 25:23 | Construir | Farm |
| 25:23 | Construir | Farm |
| 25:23 | Construir | Farm |
| 25:24 | Construir | Farm |
| 25:24 | Construir | Farm |
| 25:24 | Construir | Farm |
| 25:25 | Construir | Farm |
| 25:26 | Construir | Farm |
| 25:27 | Construir | Farm |
| 25:27 | Construir | Farm |
| 25:27 | Construir | Farm |
| 25:28 | Construir | Farm |
| 25:28 | Construir | Farm |
| 25:28 | Construir | Farm |
| 25:28 | Construir | Farm |
| 25:29 | Construir | Farm |
| 25:29 | Construir | Farm |
| 25:29 | Construir | Farm |
| 25:30 | Construir | Farm |
| 25:30 | Construir | Farm |
| 25:30 | Construir | Farm |
| 25:31 | Construir | Farm |
| 25:31 | Construir | Farm |
| 25:31 | Construir | Farm |
| 25:32 | Construir | Farm |
Build order — jjbirdy123
Primeras 150 de 402 acciones detectadas
| 0:02 | Crear | Villager (Male) |
| 0:02 | Crear | Villager (Male) |
| 0:02 | Crear | Villager (Male) |
| 0:03 | Crear | Villager (Male) |
| 0:03 | Crear | Villager (Male) |
| 0:06 | Construir | House |
| 0:07 | Construir | House |
| 1:42 | Crear | Villager (Male) |
| 2:21 | Crear | Villager (Male) |
| 2:22 | Crear | Villager (Male) |
| 2:22 | Crear | Villager (Male) |
| 2:22 | Crear | Villager (Male) |
| 3:05 | Construir | Lumber Camp |
| 3:21 | Crear | Villager (Male) |
| 4:00 | Crear | Villager (Male) |
| 4:24 | Construir | House |
| 4:31 | Crear | Villager (Male) |
| 5:18 | Crear | Villager (Male) |
| 5:19 | Crear | Villager (Male) |
| 5:27 | Construir | Mill |
| 5:28 | Crear | Villager (Male) |
| 6:20 | Crear | Villager (Male) |
| 6:37 | Crear | Villager (Male) |
| 6:50 | Crear | Villager (Male) |
| 6:54 | Construir | House |
| 7:08 | Construir | House |
| 7:15 | Crear | Villager (Male) |
| 7:35 | Crear | Villager (Male) |
| 7:36 | Crear | Villager (Male) |
| 8:02 | Crear | Villager (Male) |
| 8:33 | Investigar | Loom |
| 9:08 | Investigar | Feudal Age |
| 9:41 | Construir | Lumber Camp |
| 10:09 | Crear | Villager (Male) |
| 10:46 | Crear | Villager (Male) |
| 10:54 | Construir | Mining Camp |
| 11:49 | Construir | Stone Wall |
| 12:43 | Crear | Villager (Male) |
| 12:43 | Crear | Villager (Male) |
| 13:11 | Construir | Stone Wall |
| 13:20 | Construir | Farm |
| 13:20 | Construir | Farm |
| 13:20 | Construir | Farm |
| 13:21 | Construir | Farm |
| 13:21 | Construir | Farm |
| 13:21 | Construir | Farm |
| 13:21 | Construir | Farm |
| 13:23 | Crear | Villager (Male) |
| 13:24 | Crear | Villager (Male) |
| 13:30 | Construir | Farm |
| 13:35 | Investigar | Horse Collar |
| 14:09 | Construir | Stone Wall |
| 14:13 | Crear | Villager (Male) |
| 14:23 | Crear | Villager (Male) |
| 14:38 | Construir | Mining Camp |
| 14:58 | Construir | Stone Wall |
| 15:13 | Crear | Villager (Male) |
| 15:22 | Construir | House |
| 15:26 | Investigar | Wheelbarrow |
| 15:27 | Crear | Villager (Male) |
| 15:27 | Crear | Villager (Male) |
| 15:38 | Construir | Stone Wall |
| 15:47 | Construir | House |
| 15:48 | Construir | House |
| 15:49 | Construir | House |
| 15:50 | Construir | House |
| 15:53 | Construir | House |
| 16:43 | Construir | Stone Wall |
| 16:59 | Crear | Villager (Male) |
| 17:42 | Construir | Farm |
| 17:42 | Construir | Farm |
| 17:46 | Crear | Villager (Male) |
| 17:59 | Construir | Stone Wall |
| 18:16 | Construir | Farm |
| 18:20 | Crear | Villager (Male) |
| 18:40 | Construir | Market |
| 18:48 | Crear | Villager (Male) |
| 18:48 | Crear | Villager (Male) |
| 18:55 | Construir | Blacksmith |
| 19:22 | Construir | Stone Wall |
| 19:33 | Investigar | Castle Age |
| 20:00 | Crear | Trade Cart |
| 20:00 | Crear | Trade Cart |
| 20:31 | Construir | Stone Wall |
| 20:39 | Construir | Mining Camp |
| 20:42 | Crear | Villager (Male) |
| 21:07 | Construir | Farm |
| 21:07 | Construir | Farm |
| 21:21 | Investigar | Double-Bit Axe |
| 21:49 | Crear | Villager (Male) |
| 22:23 | Construir | Town Center |
| 22:30 | Crear | Villager (Male) |
| 22:30 | Crear | Villager (Male) |
| 22:44 | Construir | Castle |
| 23:17 | Investigar | Bow Saw |
| 23:19 | Crear | Villager (Male) |
| 23:19 | Crear | Villager (Male) |
| 23:19 | Crear | Villager (Male) |
| 23:24 | Crear | Villager (Male) |
| 23:24 | Crear | Villager (Male) |
| 23:30 | Investigar | Heavy Plow |
| 24:05 | Crear | Villager (Male) |
| 24:37 | Construir | Monastery |
| 24:57 | Construir | Monastery |
| 24:59 | Crear | Villager (Male) |
| 25:01 | Crear | Villager (Male) |
| 25:01 | Crear | Villager (Male) |
| 25:03 | Crear | Villager (Male) |
| 25:03 | Crear | Villager (Male) |
| 25:12 | Investigar | Gold Mining |
| 25:17 | Investigar | Caravan |
| 25:19 | Crear | Trade Cart |
| 25:24 | Crear | Villager (Male) |
| 25:24 | Crear | Villager (Male) |
| 25:30 | Crear | Villager (Male) |
| 25:30 | Crear | Villager (Male) |
| 25:51 | Crear | Missionary |
| 25:52 | Crear | Missionary |
| 25:53 | Crear | Missionary |
| 26:11 | Construir | Town Center |
| 26:15 | Crear | Villager (Male) |
| 26:15 | Crear | Villager (Male) |
| 27:01 | Crear | Trade Cart |
| 27:01 | Crear | Trade Cart |
| 27:01 | Crear | Trade Cart |
| 27:02 | Crear | Trade Cart |
| 27:02 | Crear | Trade Cart |
| 27:08 | Crear | Villager (Male) |
| 27:08 | Crear | Villager (Male) |
| 27:23 | Crear | Villager (Male) |
| 27:23 | Crear | Villager (Male) |
| 27:30 | Crear | Villager (Male) |
| 27:30 | Crear | Villager (Male) |
| 27:30 | Crear | Villager (Male) |
| 27:44 | Construir | Farm |
| 27:44 | Construir | Farm |
| 27:44 | Construir | Farm |
| 27:45 | Construir | Farm |
| 27:45 | Construir | Farm |
| 27:45 | Construir | Farm |
| 27:48 | Construir | Farm |
| 28:04 | Crear | Villager (Male) |
| 28:04 | Crear | Villager (Male) |
| 28:04 | Crear | Villager (Male) |
| 28:38 | Crear | Villager (Male) |
| 28:38 | Crear | Villager (Male) |
| 28:38 | Crear | Villager (Male) |
| 28:40 | Crear | Villager (Male) |
| 28:40 | Crear | Villager (Male) |
| 28:40 | Crear | Villager (Male) |
Build order — ddubb69
Primeras 150 de 428 acciones detectadas
| 0:03 | Construir | House |
| 0:04 | Crear | Villager (Male) |
| 0:04 | Crear | Villager (Male) |
| 0:05 | Construir | House |
| 1:09 | Crear | Villager (Male) |
| 1:09 | Crear | Villager (Male) |
| 1:10 | Crear | Villager (Male) |
| 1:58 | Crear | Villager (Male) |
| 2:12 | Crear | Villager (Male) |
| 3:09 | Construir | Lumber Camp |
| 3:13 | Crear | Villager (Male) |
| 3:13 | Crear | Villager (Male) |
| 3:39 | Crear | Villager (Male) |
| 3:47 | Crear | Villager (Male) |
| 4:17 | Crear | Villager (Male) |
| 5:04 | Crear | Villager (Male) |
| 5:10 | Construir | House |
| 5:20 | Crear | Villager (Male) |
| 5:30 | Crear | Villager (Male) |
| 6:03 | Crear | Villager (Male) |
| 6:44 | Crear | Villager (Male) |
| 6:50 | Construir | House |
| 6:55 | Crear | Villager (Male) |
| 7:51 | Crear | Villager (Male) |
| 7:52 | Crear | Villager (Male) |
| 8:08 | Crear | Villager (Male) |
| 8:20 | Construir | Mill |
| 8:30 | Crear | Villager (Male) |
| 9:20 | Crear | Villager (Male) |
| 9:23 | Investigar | Feudal Age |
| 9:24 | Crear | Villager (Male) |
| 10:10 | Construir | House |
| 10:14 | Crear | Villager (Male) |
| 10:50 | Crear | Villager (Male) |
| 11:34 | Edad | Edad Feudal |
| 12:08 | Investigar | Wheelbarrow |
| 12:11 | Crear | Villager (Male) |
| 12:23 | Construir | Mining Camp |
| 12:45 | Crear | Villager (Male) |
| 12:57 | Crear | Villager (Male) |
| 13:21 | Crear | Villager (Male) |
| 13:45 | Construir | Blacksmith |
| 13:54 | Construir | Market |
| 14:07 | Crear | Villager (Male) |
| 14:23 | Construir | House |
| 14:26 | Construir | House |
| 14:32 | Crear | Villager (Male) |
| 14:54 | Investigar | Castle Age |
| 15:06 | Construir | Farm |
| 15:06 | Construir | Farm |
| 15:07 | Construir | Farm |
| 15:07 | Construir | Farm |
| 15:07 | Construir | Farm |
| 15:08 | Construir | Farm |
| 15:09 | Construir | Farm |
| 15:09 | Construir | Farm |
| 15:47 | Crear | Villager (Male) |
| 16:04 | Construir | Mining Camp |
| 16:11 | Construir | Farm |
| 16:13 | Construir | Farm |
| 16:16 | Construir | Farm |
| 16:19 | Construir | Farm |
| 16:26 | Investigar | Double-Bit Axe |
| 16:36 | Construir | Farm |
| 16:44 | Construir | Farm |
| 16:48 | Crear | Villager (Male) |
| 17:38 | Crear | Villager (Male) |
| 18:24 | Edad | Edad de los Castillos |
| 18:27 | Crear | Villager (Male) |
| 18:29 | Crear | Villager (Male) |
| 19:10 | Construir | Town Center |
| 19:32 | Crear | Villager (Male) |
| 19:44 | Construir | Town Center |
| 20:12 | Crear | Villager (Male) |
| 20:13 | Crear | Villager (Male) |
| 20:14 | Crear | Villager (Male) |
| 20:14 | Crear | Villager (Male) |
| 20:31 | Investigar | Horse Collar |
| 20:37 | Investigar | Bow Saw |
| 20:42 | Crear | Villager (Male) |
| 20:42 | Crear | Villager (Male) |
| 20:42 | Crear | Villager (Male) |
| 20:43 | Crear | Villager (Male) |
| 20:43 | Crear | Villager (Male) |
| 20:43 | Crear | Villager (Male) |
| 20:45 | Crear | Villager (Male) |
| 21:34 | Crear | Villager (Male) |
| 21:34 | Crear | Villager (Male) |
| 21:34 | Crear | Villager (Male) |
| 21:35 | Crear | Villager (Male) |
| 21:57 | Crear | Villager (Male) |
| 21:57 | Crear | Villager (Male) |
| 21:57 | Crear | Villager (Male) |
| 21:57 | Crear | Villager (Male) |
| 21:58 | Crear | Villager (Male) |
| 21:59 | Crear | Villager (Male) |
| 22:14 | Construir | Town Center |
| 22:33 | Crear | Villager (Male) |
| 22:34 | Crear | Villager (Male) |
| 22:34 | Crear | Villager (Male) |
| 22:34 | Crear | Villager (Male) |
| 22:34 | Crear | Villager (Male) |
| 22:35 | Crear | Villager (Male) |
| 22:36 | Crear | Villager (Male) |
| 22:44 | Construir | House |
| 22:47 | Construir | House |
| 22:48 | Construir | House |
| 22:51 | Construir | House |
| 22:52 | Construir | House |
| 22:53 | Construir | House |
| 22:55 | Construir | House |
| 23:08 | Crear | Villager (Male) |
| 23:08 | Crear | Villager (Male) |
| 23:09 | Crear | Villager (Male) |
| 23:09 | Crear | Villager (Male) |
| 23:09 | Crear | Villager (Male) |
| 23:24 | Crear | Villager (Male) |
| 23:24 | Crear | Villager (Male) |
| 23:24 | Crear | Villager (Male) |
| 23:25 | Crear | Villager (Male) |
| 23:25 | Crear | Villager (Male) |
| 23:25 | Crear | Villager (Male) |
| 23:38 | Construir | Farm |
| 23:38 | Construir | Farm |
| 23:39 | Construir | Farm |
| 23:39 | Construir | Farm |
| 24:03 | Investigar | Gold Mining |
| 24:26 | Construir | Farm |
| 24:30 | Construir | Farm |
| 24:37 | Construir | Farm |
| 24:43 | Crear | Villager (Male) |
| 24:43 | Crear | Villager (Male) |
| 24:43 | Crear | Villager (Male) |
| 24:43 | Crear | Villager (Male) |
| 24:57 | Crear | Villager (Male) |
| 24:58 | Crear | Villager (Male) |
| 24:58 | Crear | Villager (Male) |
| 25:03 | Construir | House |
| 25:05 | Construir | House |
| 25:06 | Construir | House |
| 25:08 | Construir | House |
| 25:11 | Construir | House |
| 25:18 | Construir | House |
| 25:22 | Construir | House |
| 25:35 | Crear | Villager (Male) |
| 25:35 | Crear | Villager (Male) |
| 25:35 | Crear | Villager (Male) |
| 25:37 | Crear | Villager (Male) |
| 26:01 | Construir | Town Center |
| 26:14 | Construir | Farm |
Cronología de la partida
| 6:53 | Sägewerk · wall_segment Palisade Wall x7 |
| 6:57 | Sägewerk · wall_segment Palisade Wall x1 |
| 8:17 | Sägewerk · wall_segment Palisade Wall x3 |
| 8:49 | Sägewerk · wall_segment Palisade Wall x2 |
| 9:56 | Gashara · age_up feudal |
| 11:28 | Lesa · first_building Barracks |
| 11:34 | ddubb69 · age_up feudal |
| 11:49 | jjbirdy123 · wall_segment Stone Wall x2 |
| 12:09 | Sägewerk · first_building Barracks |
| 12:10 | Rinno · age_up feudal |
| 12:49 | Eskiçeri · age_up feudal |
| 12:49 | Elbaron · age_up feudal |
| 12:50 | Lesa · age_up feudal |
| 13:11 | jjbirdy123 · wall_segment Stone Wall x12 |
| 13:44 | Sägewerk · age_up feudal |
| 14:09 | jjbirdy123 · wall_segment Stone Wall x8 |
| 14:14 | Sägewerk · wall_segment Stone Wall x5 |
| 14:27 | Sägewerk · wall_segment Stone Wall x6 |
| 14:36 | Gashara · age_up castle |
| 14:49 | Sägewerk · wall_segment Stone Wall x9 |
| 14:52 | Rinno · wall_segment Stone Wall x26 |
| 14:58 | jjbirdy123 · wall_segment Stone Wall x8 |
| 15:38 | jjbirdy123 · wall_segment Stone Wall x3 |
| 16:28 | Sägewerk · wall_segment Stone Wall x5 |
| 16:43 | jjbirdy123 · wall_segment Stone Wall x8 |
| 16:46 | Elbaron · age_up castle |
| 16:48 | Sägewerk · wall_segment Stone Wall x2 |
| 17:15 | Lesa · first_market_sell 500 stone |
| 17:17 | Lesa · first_market_buy 100 food |
| 17:38 | Eskiçeri · age_up castle |
| 17:59 | jjbirdy123 · wall_segment Stone Wall x9 |
| 18:09 | Gashara · first_market_buy 100 food |
| 18:15 | Rinno · wall_segment Stone Wall x1 |
| 18:24 | ddubb69 · age_up castle |
| 18:35 | Sägewerk · first_market_buy 100 food |
| 19:22 | jjbirdy123 · wall_segment Stone Wall x16 |
| 20:31 | jjbirdy123 · wall_segment Stone Wall x2 |
| 21:22 | Lesa · age_up castle |
| 21:54 | jjbirdy123 · first_market_buy 100 wood |
| 22:44 | jjbirdy123 · first_building Castle |
| 23:00 | Sägewerk · age_up castle |
| 24:32 | Gashara · first_building Monastery |
| 24:37 | jjbirdy123 · first_building Monastery |
| 25:53 | Elbaron · first_building Castle |
| 26:38 | Eskiçeri · first_building Monastery |
| 26:45 | Rinno · age_up castle |
| 26:51 | Gashara · first_building Castle |
| 27:09 | Eskiçeri · first_building Siege Workshop |
| 27:39 | Rinno · first_market_sell 100 wood |
| 27:43 | Rinno · first_market_buy 100 stone |
| 28:17 | Rinno · first_building Castle |
| 28:17 | ddubb69 · first_building Castle |
| 28:38 | Lesa · first_building Siege Workshop |
| 29:01 | Elbaron · first_building Barracks |
| 29:02 | ddubb69 · first_building Siege Workshop |
| 29:32 | Sägewerk · first_building Siege Workshop |
| 29:37 | Eskiçeri · tribute_sent a jugador 1 |
| 29:37 | Eskiçeri · tribute_sent a jugador 2 |
| 29:37 | Eskiçeri · tribute_sent a jugador 3 |
| 29:37 | Eskiçeri · tribute_sent a jugador 4 |
| 29:37 | Eskiçeri · tribute_sent a jugador 5 |
| 29:37 | Eskiçeri · tribute_sent a jugador 6 |
| 29:37 | Eskiçeri · tribute_sent a jugador 8 |
| 29:49 | Sägewerk · first_building Monastery |
| 30:13 | Elbaron · first_building Stable |
| 30:25 | Gashara · age_up imperial |
| 30:36 | Rinno · first_building Barracks |
| 30:43 | Eskiçeri · age_up imperial |
| 31:22 | Sägewerk · first_building Castle |
| 31:29 | Elbaron · age_up imperial |
| 31:43 | Gashara · first_market_sell 100 food |
| 32:12 | jjbirdy123 · first_building Barracks |
| 32:30 | Eskiçeri · first_building Castle |
| 32:53 | Rinno · first_building Archery Range |
| 33:00 | jjbirdy123 · first_building Stable |
| 33:43 | Lesa · age_up imperial |
| 33:47 | Lesa · first_building Castle |
| 35:02 | Lesa · first_building Archery Range |
| 35:03 | Elbaron · first_market_sell 100 food |
| 35:17 | ddubb69 · age_up imperial |
| 35:35 | Elbaron · wall_segment Stone Wall x7 |
| 36:01 | Gashara · first_building Stable |
| 37:16 | Elbaron · first_market_buy 100 wood |
| 37:36 | Sägewerk · age_up imperial |
| 39:09 | Gashara · tribute_sent a jugador 1 |
| 39:09 | Gashara · tribute_sent a jugador 2 |
| 39:09 | Gashara · tribute_sent a jugador 3 |
| 39:09 | Gashara · tribute_sent a jugador 5 |
| 39:09 | Gashara · tribute_sent a jugador 6 |
| 39:09 | Gashara · tribute_sent a jugador 7 |
| 39:09 | Gashara · tribute_sent a jugador 8 |
| 43:16 | Rinno · age_up imperial |
| 52:44 | Gashara · resign |
[ ANÁLISIS IA · 1 CRÉDITO ]
¿Qué pasó realmente en esta partida?
Wolo.gg analiza cada decisión: build order, eco, micro, errores típicos por bracket. Análisis personalizado por WhatsApp o Discord en 30 segundos.
Guía civ
Mongoles
Perfil
Eskiçeri